 Dungeon Crawl Stone Soup version 0.31.0-32-g396128a36d (webtiles) character file.

Game seed: 14790303329557563337

4 601d51SH the Shield-Bearer (level 1, 0/23 HPs)
             Began as a Gnoll Fighter on Mar 31, 2024.
             Succumbed to a kobold's poison
             ... on level 1 of the Dungeon.
             The game lasted 00:00:07 (101 turns).

601d51SH the Shield-Bearer (Gnoll Fighter)           Turns: 101, Time: 00:00:07

Health: 0/23       AC:  7    Str: 15    XL:     1   Next: 70%
Magic:  1/1        EV:  9    Int:  7    God:
Gold:   0          SH:  5    Dex: 11    Spells: 0/0 levels left

rFire   . . .        a - +0 trident
rCold   . . .        c - +0 buckler
rNeg    . . .        b - +0 scale mail
rPois   .            (no helmet)
rElec   .            (no cloak)
rCorr   .            (no gloves)
SInv    .            (no boots)
Will    .....        (no amulet) Stlth
                     (no ring)
HPRegen 0.23/turn    (no ring)
MPRegen 0.07/turn

%: no passive effects
@: lethally poisoned (0 -> -6)
A: fangs 1, strong nose, distributed training
a: no special abilities


You were on level 1 of the Dungeon.
You visited 1 branch of the dungeon, and saw 1 of its levels.

Inventory:

Hand Weapons
 a - a +0 trident (weapon)
Armour
 b - a +0 scale mail (worn)
 c - a +0 buckler (worn)
Potions
 d - a potion of might


   Skills:
 + Level 6.4 Fighting
 + Level 0.1 Short Blades
 + Level 0.1 Long Blades
 + Level 0.1 Axes
 + Level 0.1 Maces & Flails
 + Level 4.4 Polearms
 + Level 0.1 Staves
 + Level 0.1 Ranged Weapons
 + Level 0.1 Throwing
 + Level 6.4 Armour
 + Level 0.1 Dodging
 + Level 0.1 Stealth
 + Level 6.4 Shields
 + Level 0.1 Unarmed Combat
 + Level 0.1 Spellcasting
 + Level 0.1 Conjurations
 + Level 0.1 Hexes
 + Level 0.1 Summonings
 + Level 0.1 Necromancy
 + Level 0.1 Translocations
 + Level 0.1 Fire Magic
 + Level 0.1 Ice Magic
 + Level 0.1 Air Magic
 + Level 0.1 Earth Magic
 + Level 0.1 Alchemy
 + Level 0.2 Invocations
 + Level 0.1 Evocations
 + Level 0.1 Shapeshifting


You couldn't memorise any spells.
You didn't know any spells.
Your spell library was empty.

Dungeon Overview and Level Annotations

Branches:
Dungeon (1/15)

Altars:


Innate Abilities, Weirdness & Mutations

You have very sharp teeth.
Your uncanny sense of smell can sniff out nearby items.
Your experience applies equally to all skills.


Message History

You hit the quokka but do no damage.
The quokka is almost dead.
The quokka barely misses you. You block the kobold's attack.
You barely miss the quokka.
The quokka is almost dead.
The quokka bites you but does no damage.
The kobold hits you with a +1 short sword of venom.
You are poisoned.
You barely miss the quokka.
The quokka is almost dead.
You feel sick. The quokka closely misses you.
The kobold hits you but does no damage.
You are more poisoned.
The quokka bites you but does no damage.
You miss the quokka.
The quokka is almost dead.
You feel very sick.
The kobold hits you with a +1 short sword of venom.
The quokka closely misses you.
You are too injured to fight recklessly!
You are too injured to fight recklessly!
You are too injured to fight recklessly!
You barely miss the kobold.
You feel very sick. The kobold hits you but does no damage.
You are lethally poisoned!
The quokka bites you.
You barely miss the kobold.
* * * LOW HITPOINT WARNING * * *
You feel very sick.
The quokka bites you but does no damage.
The kobold closely misses you.
The quokka bites you but does no damage.
You block the kobold's attack.
You puncture the kobold!
You kill the kobold!
* * * LOW HITPOINT WARNING * * *
You feel very sick.
The quokka bites you but does no damage.
You die...

#. ##....##...
.##.....##.[.
##+............ ∆
##...#...#....#.
##...........!..
##............. .
#.........r.##....
+.........@.......
#.................
#.......#.###....
##.....##.# ###
##...###.# ##†##
#.# #.# #.. #.#
### ##.###########


You could see a quokka.

Vanquished Creatures
  2 ball pythons (D:1)
  A hobgoblin (D:1)
  A kobold (D:1)
4 creatures vanquished.

Notes
Turn   | Place    | Note
-------+----------+-------------------------------------------
     0 | D:1      | 601d51SH the Gnoll Fighter began the quest for the Orb.
     0 | D:1      | Reached XP level 1. HP: 23/23 MP: 1/1
   101 | D:1      | Succumbed to a kobold's poison

Illustrated notes

Levels and vault maps discovered:
D:1:      minmay_arrival_loop, layout_loops_corners, serial_shops,
          nicolae_shop_window_shopping, skrybe_limestone_x, minmay_pentomino_p2

Action                     || total
---------------------------++-------
  Melee: Trident           ||    22
 Armour: Scale mail        ||    19
  Dodge: Dodged            ||    11
  Block: Buckler           ||     4
